 Dungeon Crawl Stone Soup version 0.29.1-1-gd02db6906a (webtiles) character file.

Game seed: 12243473891911537021

7 fireball365 the Sneak (level 2, 0/19 HPs)
             Began as a Kobold Delver on Oct 7, 2022.
             Slain by an ufetubus (1 damage)
             ... in a sewer.
             The game lasted 00:01:02 (112 turns).

fireball365 the Sneak (Kobold Delver)                Turns: 112, Time: 00:01:04

Health: 0/19       AC:  3    Str:  9    XL:     2   Next: 5%
Magic:  2/2        EV: 15    Int: 15    God:
Gold:   0          SH:  0    Dex: 19    Spells: 1/1 levels left

rFire   . . .      SeeInvis .   a - +0 short sword
rCold   + + .      Faith    .   (no shield)
rNeg    . . .      Spirit   .   i - +1 robe "Eplaec" {rC++ Int+4 Dex+3}
rPois   .          Reflect  .   (no helmet)
rElec   .          Harm     .   (no cloak)
rCorr   .          Rampage  .   (no gloves)
Will    .....                   (no boots)
Stlth   +++++.....              (no amulet)
HPRegen 0.06/turn               (no ring)
MPRegen 0.08/turn               (no ring)

@: no status effects
A: small, no large weapons, nightstalker 3
a: no special abilities


You were in a sewer.
You visited 1 branch of the dungeon, and saw 1 of its levels.
You also visited: Sewer.

Inventory:

Hand Weapons
 a - a +0 short sword (weapon)
Armour
 b - a +0 leather armour
 i - the +1 robe "Eplaec" (worn) {rC++ Int+4 Dex+3}
   (You found it on level 5 of the Dungeon)

   Int:       It affects your intelligence (+4).
   Dex:       It affects your dexterity (+3).
   rC:        It greatly protects you from cold.
Wands
 g - a wand of digging (3)
Scrolls
 c - a scroll of fog
 d - a scroll of magic mapping
 e - a scroll of fear
 h - 2 scrolls of amnesia {unknown}
Potions
 f - a potion of haste


   Skills:
 + Level 3.3 Fighting
 + Level 2.7 Short Blades
 + Level 2.5 Dodging
 + Level 7.0 Stealth


You had one spell level left.
You didn't know any spells.
Your spell library was empty.

Dungeon Overview and Level Annotations

Branches:
Dungeon (5/15)              Sewer (1/1)
 Temple: D:4-7

Altars:


Innate Abilities, Weirdness & Mutations

You are small and have problems with some larger weapons.
You are completely attuned to the shadows.


Message History

The ufetubus is severely wounded.
The ufetubus completely misses you. The ufetubus barely misses you.
The ufetubus completely misses you. The ufetubus hits you.
* * * LOW HITPOINT WARNING * * *
You barely miss the ufetubus.
The ufetubus is severely wounded.
The ufetubus barely misses you. The ufetubus misses you.
You hit the ufetubus.
You kill the ufetubus!
Your Stealth skill increases to level 7!
You have reached level 2!
You closely miss the ufetubus. The ufetubus closely misses you.
The ufetubus completely misses you.
You completely miss the ufetubus.
The ufetubus hits you but does no damage.
The ufetubus misses you. The ufetubus hits you.
* * * LOW HITPOINT WARNING * * *
The ufetubus barely misses you.
You miss the ufetubus. The ufetubus barely misses you.
The ufetubus closely misses you.
You miss the ufetubus. The ufetubus barely misses you. The ufetubus misses you.
The ufetubus hits you.
* * * LOW HITPOINT WARNING * * *
The ufetubus barely misses you.
You barely miss the ufetubus. The ufetubus misses you.
The ufetubus closely misses you.
You miss the ufetubus. The ufetubus barely misses you. The ufetubus misses you.
You miss the ufetubus.
The ufetubus hits you but does no damage.
The ufetubus barely misses you. The ufetubus closely misses you.
The ufetubus misses you.
You barely miss the ufetubus. The ufetubus barely misses you.
The ufetubus misses you.
You hit the ufetubus.
The ufetubus is moderately wounded.
The ufetubus barely misses you. The ufetubus closely misses you.
The ufetubus hits you.
* * * LOW HITPOINT WARNING * * *
The ufetubus hits you.
You die...

######..≈#
#.~≈#
#.~≈#
#.~≈#
#.~≈#
#.≈≈#
#.≈≈#
#.~≈#
#@~≈#
#5~~#
#.~~≈≈
#...≈~≈
#......


You could see an ufetubus.

Vanquished Creatures
  An ufetubus (Sewer)
  A bat (D:5)
2 creatures vanquished.

Notes
Turn   | Place    | Note
-------+----------+-------------------------------------------
     0 | D:5      | fireball365 the Kobold Delver began the quest for the Orb.
     0 | D:5      | Reached XP level 1. HP: 14/14 MP: 1/1
    58 | D:5      | Found a glowing drain.
    62 | D:5      | Identified the +1 robe "Eplaec" {rC++ Int+4 Dex+3}
    79 | Sewer    | Entered a sewer
   104 | Sewer    | Reached skill level 7 in Stealth
   104 | Sewer    | Reached XP level 2. HP: 5/19 MP: 2/2
   112 | Sewer    | Slain by an ufetubus

Illustrated notes

Levels and vault maps discovered:
D:5:      layout_cave_pods, mainiacjoe_overflow_brackets,
          cheibrodos_sewer_entry_sluice, uniq_grinder
Sewer:    kennysheep_sewer_church

Skill      XL: |  1 |
---------------+----+-----
Stealth        | 7 |  7.0
Fighting       | |  3.3
Short Blades   | |  2.7
Dodging        | |  2.5

Action                   || total
-------------------------++-------
Melee: Short sword       ||    15
 Stab: Sleeping          ||     1
Armor: Robe              ||     2
Dodge: Dodged            ||    31
